 Dungeon Crawl Stone Soup version 0.20.1-1-g8b1a95d (webtiles) character file.

25177 equalderp2856 the Blocker (level 12, 0/94 HPs)
             Began as a Mummy Fighter on July 15, 2017.
             Slain by a wolf (7 damage)
             ... on level 4 of the Lair of Beasts.
             The game lasted 01:11:21 (28132 turns).

equalderp2856 the Blocker (Mummy Fighter)          Turns: 28132, Time: 01:11:21

Health: 0/94       AC: 16    Str: 22    XL:     12   Next: 87%
Magic:  12/12      EV:  5    Int:  9    God:
Gold:   907        SH: 23    Dex: 12    Spells: 11/11 levels left

rFire    . . .     SeeInvis .   f - +3 scimitar
rCold    + + .     Gourm    .   M - +2 large shield
rNeg     + + +     Faith    .   B - +0 plate armour
rPois    ∞         Spirit   .   N - +0 hat
rElec    .         Reflect  +   (no cloak)
rCorr    .         Harm     .   Q - +2 pair of gloves
MR       +....                  (no boots)
Stlth    ..........             n - +3 amulet of reflection
Regen    0.3/turn               w - ring of protection from fire
MPRegen  0.2/turn               X - ring of protection from cold

@: no status effects
A: no food or potions, fire vulnerability, cold resistance 1, negative energy
resistance 3, torment resistance, unbreathing
a: no special abilities


You were on level 4 of the Lair of Beasts.
You were not hungry.

You visited 2 branches of the dungeon, and saw 15 of its levels.

You collected 907 gold pieces.

Inventory:

Hand Weapons
 a - a +0 long sword
 f - a +3 scimitar (weapon)
 g - a cursed -2 short sword
 p - a cursed +4 short sword
 u - a +0 dagger
 v - a cursed -3 dagger
 x - a +0 hunting sling
 z - a +0 shortbow
 C - a +0 short sword
 F - a +1 rapier
 I - a +0 falchion
 P - a +0 dagger of electrocution
 T - a +1 hand axe of flaming
 Z - a +1 long sword
Missiles
 k - 125 bolts
 m - 94 sling bullets
 y - 8 tomahawks (quivered)
 A - 3 javelins
 D - 347 arrows
 U - 3 poisoned tomahawks
Armour
 c - a +0 shield
 B - a +0 plate armour (worn)
 M - a +2 large shield (worn)
 N - a +0 hat (worn)
 Q - a +2 pair of gloves (worn)
Magical Staves
 J - an uncursed staff of earth {unknown}
Jewellery
 n - a +3 amulet of reflection (around neck)
 o - an uncursed ring of magical power {unknown}
 r - an uncursed ring of resist corrosion
 w - a ring of protection from fire (left hand)
 E - a -2 ring of dexterity
 K - an uncursed ring of fire
 X - a ring of protection from cold (right hand)
Wands
 b - a wand of random effects (36/48)
 d - a wand of paralysis (0/24)
 i - a wand of polymorph (10/24)
 j - a wand of random effects (38/48)
 s - a wand of flame (19/48)
 G - a wand of lightning (7/15)
 H - a wand of polymorph (10/24)
 R - a wand of paralysis (9/24)
 V - a wand of lightning (11/15)
Scrolls
 e - a scroll of fear
 h - 14 scrolls of remove curse
 l - a scroll of fog
 q - a scroll of blinking
 t - 2 scrolls of immolation
 O - 6 scrolls of recharging
 S - 2 scrolls of enchant weapon
 W - 3 scrolls of noise
 Y - 5 scrolls of identify
Books
 L - a book of Transfigurations

   Spells                             Type                      Level
   a - Irradiate                      Conjuration/Transmutation    5
   b - Statue Form                    Transmutation/Earth          6
   c - Hydra Form                     Transmutation                6
   d - Dragon Form                    Transmutation                7


   Skills:
 + Level 8.5 Fighting
 + Level 2.3(7.1) Short Blades
 + Level 10.4(10.6) Long Blades
 + Level 7.6 Armour
 + Level 2.6 Dodging
 + Level 0.6 Stealth
 + Level 11.4 Shields


You had 11 spell levels left.
You didn't know any spells.

Dungeon Overview and Level Annotations

Branches:
Dungeon (11/15)            Temple (0/1) D:5            Lair (4/6) D:8
  Swamp: Lair:2-4    Shoals: Lair:2-4     Snake: Lair:2-4    Spider: Lair:2-4
    Orc: D:9-12

Altars:
Elyvilon
Gozag
Nemelex Xobeh
Okawaru
Sif Muna
Trog
Xom
Yredelemnul

Annotations:
D:9 1 exclusion
D:10 2 exclusions
D:11 Gastronok
Lair:2 1 exclusion


Innate Abilities, Weirdness & Mutations

You do not eat or drink.
Your flesh is vulnerable to fire.
You are immune to poison.
Your flesh is cold resistant. (rC+)
You are immune to negative energy. (rN+++)
You are immune to unholy pain and torment.
You can survive without breathing.


Message History

You block the wolf's attack. x3
You miss the wolf.
The wolf is moderately wounded.
You block the wolf's attack. x2; The wolf bites you!
* * * LOW HITPOINT WARNING * * *
You block the wolf's attack.
You slash the wolf!
The wolf is severely wounded.
You block the wolf's attack. The wolf bites you.
* * * LOW HITPOINT WARNING * * *
The wolf bites you but does no damage. The wolf barely misses you.
You closely miss the wolf.
The wolf is severely wounded.
You block the wolf's attack. The wolf bites you but does no damage.
Your shield and plate armour prevent you from hitting the wolf.
The wolf is severely wounded.
You block the wolf's attack. x2; The wolf bites you.
* * * LOW HITPOINT WARNING * * *
The wolf bites you!
You die...

...#........%...##....P#
#............%.......# #
#.........P%.)......#..#
#...."%.%PP....?.......#
#........%%............#
....#.##P†.%..P............
..#.#####P......#.####....#
. ...........#h##..#.#...#
.......<...h@..........#
.......................#
...................>. .#
...................##
####P##..........###
###.............
#P.......#####. ##.......#


You could see 2 wolves.

Vanquished Creatures
  A hydra (Lair:2)
  A centaur warrior (D:10)
  4 two-headed ogres
  An ugly thing (D:9)
  2 cyclopes
  A black mamba (Lair:3)
  A gargoyle (D:9)
  2 spiny frogs (Lair:2)
  A rime drake (Lair:2)
  3 komodo dragons
  A kobold demonologist (D:11)
  A queen bee (D:9)
  2 trolls (D:10)
  Grinder (D:3)
  5 hippogriffs
  9 blink frogs
  A wyvern (Lair:2)
  A vampire (D:10)
  16 yaks
  2 hungry ghosts
  2 wargs
  2 soldier ants
  4 water moccasins
  4 porcupines
  4 orc warriors
  A black bear (D:6)
  3 necrophages
  An eye of draining (D:10)
  2 ice beasts
  4 phantoms
  9 ogres
  The ghost of Oddysee the Poker, an amateur MfBe of Trog (D:3)
  5 sky beasts
  3 wolves (Lair:4)
  9 centaurs
  7 crocodiles
  14 bullfrogs
  A wyvern zombie (D:8)
  A wyvern skeleton (D:6)
  5 scorpions
  A water moccasin skeleton (D:9)
  38 killer bees
  14 wights
  2 howler monkeys
  A bullfrog zombie (D:10)
  5 crimson imps
  A quasit (D:9)
  A centaur zombie (D:7)
  A jelly (D:7)
  6 hounds
  2 bullfrog skeletons
  7 orc priests
  3 iguanas
  Ijyb (D:3)
  19 orc wizards
  7 worker ants
  A killer bee zombie (D:10)
  3 hound zombies
  A hound skeleton (D:9)
  7 gnolls
  14 adders
  A howler monkey skeleton (D:6)
  2 shadow imps
  2 oozes
  3 adder zombies
  2 adder skeletons
  3 worms
  3 dart slugs
  8 leopard geckos
  46 orcs
  7 giant cockroaches
  10 goblins
  6 hobgoblins
  17 jackals
  5 quokkas
  A ball python (D:1)
  A ball python skeleton (D:6)
  5 bats
  5 frilled lizards
  A giant cockroach zombie (D:6)
  9 kobolds
  A leopard gecko skeleton (D:7)
  9 rats
  A plant (Lair:3)
421 creatures vanquished.

Vanquished Creatures (others)
  A sky beast (D:9)
  7 centaurs
  A kobold (D:11)
  A fungus (Lair:3)
  A plant (Lair:2)
11 creatures vanquished.

Grand Total: 432 creatures vanquished

Notes
Turn   | Place    | Note
-------+----------+-------------------------------------------
     0 | D:1      | equalderp2856 the Mummy Fighter began the quest for the Orb.
     0 | D:1      | Reached XP level 1. HP: 18/18 MP: 1/1
   238 | D:1      | Reached XP level 2. HP: 24/24 MP: 2/2
  1102 | D:2      | Reached XP level 3. HP: 17/29 MP: 3/3
  1320 | D:2      | Reached skill level 3 in Shields
  1436 | D:2      | Found a shimmering altar of Xom.
  1930 | D:2      | Reached XP level 4. HP: 28/35 MP: 4/4
  2062 | D:2      | Found a bloodstained altar of Trog.
  2130 | D:3      | Noticed Grinder
  2135 | D:3      | Paralysed by Grinder for 7 turns
  2683 | D:3      | Noticed Oddysee's ghost (amateur MfBe)
  2748 | D:3      | Killed Oddysee's ghost
  2748 | D:3      | Reached XP level 5. HP: 24/42 MP: 5/5
  2914 | D:3      | Reached skill level 1 in Dodging
  3181 | D:3      | Paralysed by Grinder for 2 turns
  3231 | D:3      | Paralysed by Grinder for 3 turns
  3245 | D:3      | Paralysed by Grinder for 2 turns
  3255 | D:3      | HP: 1/42 [Grinder (7)]
  3256 | D:3      | Killed Grinder
  3256 | D:3      | Reached XP level 6. HP: 1/48 MP: 6/6
  3936 | D:3      | Noticed Ijyb
  3940 | D:3      | Paralysed by Ijyb for 4 turns
  3950 | D:3      | Paralysed by Ijyb for 7 turns
  3960 | D:3      | Paralysed by Ijyb for 2 turns
  3978 | D:3      | Killed Ijyb
  4336 | D:4      | Reached XP level 7. HP: 54/54 MP: 7/7
  5377 | D:4      | HP: 2/54 [ogre/giant spiked club (23)]
  6385 | D:5      | Entered Level 5 of the Dungeon
  6697 | D:5      | Found an iron altar of Okawaru.
  6816 | D:5      | Reached skill level 4 in Shields
  7149 | D:5      | Reached XP level 8. HP: 61/61 MP: 8/8
  7387 | D:5      | Reached skill level 5 in Long Blades
  7464 | D:5      | Found a staircase to the Ecumenical Temple.
  8762 | D:6      | Found a white marble altar of Elyvilon.
  8781 | D:6      | Paralysed by a kobold for 6 turns
  8873 | D:6      | Reached skill level 5 in Fighting
  8930 | D:6      | Reached skill level 5 in Shields
  9244 | D:7      | Found a sparkling altar of Nemelex Xobeh.
  9595 | D:7      | Reached skill level 5 in Armour
 10042 | D:7      | Reached XP level 9. HP: 64/68 MP: 9/9
 10858 | D:8      | Reached skill level 6 in Shields
 11385 | D:8      | Found a staircase to the Lair.
 12144 | D:8      | Reached skill level 7 in Shields
 12813 | D:7      | Noticed a two-headed ogre
 13300 | D:7      | Reached XP level 10. HP: 76/76 MP: 10/10
 13345 | D:7      | HP: 3/76 [orc warrior/halberd (16)]
 15934 | D:8      | Reached skill level 8 in Shields
 16353 | D:9      | Found a deep blue altar of Sif Muna.
 16387 | D:9      | Found a basalt altar of Yredelemnul.
 16387 | D:9      | Found an opulent altar of Gozag.
 16643 | D:9      | Noticed a cyan ugly thing
 16661 | D:9      | Killed a cyan ugly thing
 16738 | D:9      | Noticed a cyclops
 16752 | D:9      | Killed a cyclops
 16752 | D:9      | Reached XP level 11. HP: 59/84 MP: 11/11
 17095 | D:9      | Reached skill level 9 in Shields
 17506 | D:10     | Entered Level 10 of the Dungeon
 17885 | D:10     | Found an iron altar of Okawaru.
 18383 | D:10     | Noticed a centaur warrior
 18390 | D:10     | Killed a centaur warrior
 18736 | D:10     | Noticed a two-headed ogre
 18737 | D:10     | Noticed a two-headed ogre
 18792 | D:9      | Killed a two-headed ogre
 19212 | D:9      | Killed a two-headed ogre
 19233 | D:9      | Reached skill level 10 in Shields
 20322 | D:11     | Noticed a two-headed ogre
 20351 | D:11     | Killed a two-headed ogre
 20612 | D:11     | Reached XP level 12. HP: 85/92 MP: 12/12
 21137 | D:11     | Reached skill level 10 in Long Blades
 21155 | D:11     | Noticed Gastronok
 21676 | D:11     | Noticed a death knight
 22088 | D:9      | Noticed a two-headed ogre
 22099 | D:9      | Killed a two-headed ogre
 22211 | Lair:1   | Entered Level 1 of the Lair of Beasts
 24534 | Lair:2   | Reached skill level 11 in Shields
 24662 | Lair:2   | Noticed a seven-headed hydra
 25931 | Lair:3   | Reached skill level 1 in Short Blades
 26564 | Lair:3   | Noticed a four-headed hydra
 26584 | Lair:2   | Killed a four-headed hydra
 27336 | Lair:3   | Noticed an eight-headed hydra
 28132 | Lair:4   | Slain by a wolf

Skill      XL: |  1  2  3  4  5  6  7  8  9 10 11 12 |
---------------+-------------------------------------+-----
Shields        | 3 4 5 7 8 10 11 | 11.4
Long Blades    | 2 3 4 6 7 8 9 10 | 10.4
Armour         | 3 4 5 6 7 |  7.6
Dodging        | 1 2 |  2.6
Fighting       | 4 5 7 8 |  8.5
Short Blades   | 2 |  2.3
Stealth        | |  0.6

Action                   |  1- 3 |  4- 6 |  7- 9 | 10-12 || total
-------------------------+-------+-------+-------+-------++-------
Melee: Long sword        |   134 |   241 |  1000 |   897 ||  2272
       Scimitar          |       |       |       |   580 ||   580
       Rapier            |       |       |       |   156 ||   156
  Use: Scroll            |       |     8 |     3 |     7 ||    18
Armor: Scale mail        |    82 |    98 |    13 |       ||   193
       Plate armour      |       |       |   334 |   585 ||   919
Dodge: Dodged            |    70 |    65 |    74 |   171 ||   380
Block: Shield            |   105 |   141 |   155 |       ||   401
       Reflection        |       |     2 |    13 |    39 ||    54
       Large shield      |       |       |   806 |  2045 ||  2851
       Rpst.: Long sword |    27 |    19 |    18 |    32 ||    96
       Scimitar          |       |       |       |    17 ||    17
